[Event "Titled Tuesday Blitz August 09 Early 2022"]
[White "Nazari, Arad"]
[Black "Chigaev, Maksim"]
[WhiteFideId "12577324"]
[BlackFideId "4108116"]
[WhiteElo "2766"]
[BlackElo "2899"]
[Result "0-1"]
[Round "04"]
[TimeControl "180+1"]
[Date "2022.08.09"]
[WhiteClock "0:00:08"]
[BlackClock "0:00:52"]

1. e4 c5 2. Nf3 d6 3. Bb5+ Nd7 4. d4 cxd4 5. Qxd4 a6 6. Bxd7+ Bxd7 7. c4 Nf6 8. O-O g6 9. Rd1 Bg7 10. Nc3 O-O 11. Qd3 Bg4 12. h3 Bxf3 13. Qxf3 Nd7 14. Qd3 Ne5 15. Qd5 Qc7 16. b3 b5 17. Bg5 bxc4 18. bxc4 h6 19. Bh4 e6 20. Qxd6 Qxd6 21. Rxd6 Nxc4 22. Rc6 Rfc8 23. Rxc8+ Rxc8 24. Rc1 Nd2 25. Ne2 Rxc1+ 26. Nxc1 Nxe4 27. Be7 Bf8 28. Bxf8 Kxf8 29. Nd3 Ke7 30. Nb4 Nc5 31. Kf1 Kd6 32. Ke2 a5 33. Nc2 Kd5 34. Kd2 Ne4+ 35. Ke3 Nc3 36. a3 Kc4 37. f3 Nd5+ 38. Ke4 Kb3 39. Nd4+ Kxa3 40. Nc6 a4 41. Ne5 Kb3 42. Nxf7 a3 0-1


[Site "https://www.chess.com"]

[Event "Titled Tuesday Blitz August 09 Early 2022"]
[White "Nurmanova, Alua"]
[Black "Eggleston, Thomas A"]
[WhiteFideId "13729390"]
[BlackFideId "412139"]
[WhiteElo "1921"]
[BlackElo "2155"]
[Result "1-0"]
[Round "04"]
[TimeControl "180+1"]
[Date "2022.08.09"]
[WhiteClock "0:00:43"]
[BlackClock "0:00:04"]

1. e4 c6 2. d4 d5 3. e5 c5 4. dxc5 e6 5. a3 Bxc5 6. Qg4 Ne7 7. Bd3 Nbc6 8. Nf3 Bd7 9. b4 Bb6 10. O-O Qc7 11. Bb2 O-O-O 12. Nbd2 h6 13. c4 dxc4 14. Nxc4 Kb8 15. Rac1 a6 16. Rfd1 Nf5 17. Bxf5 exf5 18. Qxg7 Be6 19. Nd6 Rhg8 20. Qxh6 Rg6 21. Qf4 Rg4 22. Qd2 Rdg8 23. Ne1 Qe7 24. Kf1 Bb3 25. Nxf5 Qe8 26. Nh6 Nxe5 27. Qd6+ Ka8 28. Qxe5 Qxe5 29. Bxe5 Bxd1 30. Nxg8 Rxg8 31. Rxd1 Re8 32. Bg3 Ka7 33. Nf3 Re6 34. h4 a5 35. h5 axb4 36. axb4 Ka6 37. Bf4 Kb5 38. h6 Re8 39. Rd7 Kxb4 40. Rxf7 1-0


[Site "https://www.chess.com"]

[Event "Titled Tuesday Blitz August 09 Early 2022"]
[White "Onslow, Alfie"]
[Black "Floresvillar Gonzalez, Luis Migu"]
[WhiteFideId "436976"]
[BlackFideId "5100542"]
[WhiteElo "1885"]
[BlackElo "2040"]
[Result "0-1"]
[Round "04"]
[TimeControl "180+1"]
[Date "2022.08.09"]
[WhiteClock "0:00:01"]
[BlackClock "0:00:17"]

1. e4 e6 2. d3 d5 3. Nd2 c5 4. Ngf3 Nc6 5. g3 Nf6 6. Bg2 Be7 7. O-O O-O 8. Re1 b6 9. e5 Nd7 10. Nf1 Bb7 11. h4 Qc7 12. Bf4 Rfe8 13. N1h2 h6 14. Ng4 Nf8 15. h5 Nh7 16. Qd2 Bf8 17. c3 d4 18. Nh4 Rad8 19. Be4 dxc3 20. bxc3 Ne7 21. Nf6+ gxf6 22. exf6 e5 23. Bxh6 Bxe4 24. Rxe4 Nd5 25. Rg4+ Kh8 26. Ng6+ fxg6 27. hxg6 Ndxf6 28. Bxf8 Nxf8 29. Qh6+ Kg8 30. g7 N8h7 31. a4 Rd7 32. a5 Rxg7 33. Rh4 b5 34. Re1 a6 35. d4 cxd4 36. cxd4 e4 37. d5 Qd7 0-1


[Site "https://www.chess.com"]

[Event "Titled Tuesday Blitz August 09 Early 2022"]
[White "Oye-Stromberg, Alexander"]
[Black "Madaminov, Mukhiddin"]
[WhiteFideId "1525999"]
[BlackFideId "14210703"]
[WhiteElo "1972"]
[BlackElo "2011"]
[Result "0-1"]
[Round "04"]
[TimeControl "180+1"]
[Date "2022.08.09"]
[WhiteClock "0:00:11"]
[BlackClock "0:00:24"]

1. d4 Nf6 2. c4 g6 3. Nc3 d5 4. cxd5 Nxd5 5. e4 Nxc3 6. bxc3 Bg7 7. Bc4 c5 8. Ne2 Nc6 9. Be3 O-O 10. Rc1 b6 11. h4 h5 12. Qd2 Bb7 13. g4 cxd4 14. cxd4 hxg4 15. h5 Na5 16. Bd3 f5 17. hxg6 fxe4 18. Rh7 Rf6 19. Bh6 Rxg6 20. Rxg7+ Rxg7 21. Bxg7 exd3 22. Be5 Kf7 23. Qg5 Qg8 24. Qf5+ Ke8 25. Nf4 Qxa2 26. Rc7 d2+ 27. Ke2 Bf3+ 28. Ke3 d1=N+ 29. Kd3 Qb1+ 30. Kd2 Qxf5 0-1


[Site "https://www.chess.com"]

[Event "Titled Tuesday Blitz August 09 Early 2022"]
[White "Papasimakopoulos, Alexandros"]
[Black "Najdin, Danil"]
[WhiteFideId "4244125"]
[BlackFideId "4172426"]
[WhiteElo "2357"]
[BlackElo "2240"]
[Result "1-0"]
[Round "04"]
[TimeControl "180+1"]
[Date "2022.08.09"]
[WhiteClock "0:01:30"]
[BlackClock "0:00:09"]

1. d4 d5 2. c4 e6 3. Nc3 c6 4. e3 f5 5. g4 fxg4 6. Qxg4 Nf6 7. Qg2 Nbd7 8. Bd2 Bd6 9. Qxg7 Rg8 10. Qh6 Qe7 11. f4 c5 12. O-O-O cxd4 13. exd4 Ng4 14. Qh5+ Qf7 15. Qxf7+ Kxf7 16. Nh3 Ndf6 17. Bd3 h6 18. Rde1 Bd7 19. c5 Bc7 20. Re2 a6 21. Rf1 Raf8 22. b4 Ne4 23. Nxe4 dxe4 24. Bxe4 Bb5 25. Rfe1 Bxe2 26. Rxe2 b6 27. f5 bxc5 28. fxe6+ Ke7 29. bxc5 Nf6 30. d5 Nxe4 31. Rxe4 Rf3 32. Nf4 Rc8 33. Kd1 Bb8 34. d6+ Bxd6 35. Nd5+ Kd8 36. cxd6 Rc5 37. e7+ Ke8 38. d7+ 1-0


[Site "https://www.chess.com"]

[Event "Titled Tuesday Blitz August 09 Early 2022"]
[White "Pein, Jonathan"]
[Black "Garrido, Denis"]
[WhiteFideId "417092"]
[BlackFideId "601217"]
[WhiteElo "2140"]
[BlackElo "2332"]
[Result "1/2-1/2"]
[Round "04"]
[TimeControl "180+1"]
[Date "2022.08.09"]
[WhiteClock "0:00:13"]
[BlackClock "0:01:03"]

1. e4 e5 2. Nf3 Nc6 3. Bb5 a6 4. Ba4 Nf6 5. O-O b5 6. Bb3 Bc5 7. c3 d6 8. d4 Bb6 9. h3 O-O 10. Re1 h6 11. a4 Rb8 12. axb5 axb5 13. Qd3 Bd7 14. Nbd2 Re8 15. Nf1 Nh5 16. dxe5 Nxe5 17. Nxe5 dxe5 18. Rd1 Bc6 19. Qf3 Qf6 20. Qxf6 Nxf6 21. Bd5 Bxd5 22. exd5 Rbd8 23. Ne3 Bxe3 24. Bxe3 Rxd5 25. Rxd5 Nxd5 26. Bc5 Nf4 27. Ra7 Ne6 28. Be3 Rd8 29. Rb7 c6 30. Rb6 Rd6 31. Kf1 f6 32. Ke2 f5 33. f3 Kf7 34. g4 Kf6 35. b3 Nc7 36. c4 bxc4 37. bxc4 Ne6 38. c5 Nd4+ 39. Bxd4 Rxd4 40. Rxc6+ Kg5 41. Rc7 g6 42. c6 Rc4 43. Rc8 e4 44. fxe4 Rxe4+ 45. Kf3 Rc4 46. gxf5 Kxf5 47. c7 Kg5 48. Ke3 h5 49. Kd3 Rc1 50. Kd4 Kh4 51. Kd5 Kxh3 52. Kd6 g5 53. Rh8 Kg4 54. c8=Q+ Rxc8 55. Rxc8 h4 56. Ke5 Kf3 57. Kf5 h3 58. Kxg5 h2 59. Rh8 Kg2 60. Kg4 h1=Q 61. Rxh1 Kxh1 1/2-1/2


[Site "https://www.chess.com"]

[Event "Titled Tuesday Blitz August 09 Early 2022"]
[White "Perez Rodriguez, Jennifer"]
[Black "Belozerov, Andrei"]
[WhiteFideId "3507831"]
[BlackFideId "4120213"]
[WhiteElo "2170"]
[BlackElo "2320"]
[Result "1-0"]
[Round "04"]
[TimeControl "180+1"]
[Date "2022.08.09"]
[WhiteClock "0:00:25"]
[BlackClock "0:00:20"]

1. e4 c5 2. c3 Nf6 3. e5 Nd5 4. Nf3 Nc6 5. Bc4 Nb6 6. Bb3 g6 7. O-O Bg7 8. Re1 O-O 9. a4 c4 10. Bc2 d6 11. exd6 Qxd6 12. b3 Be6 13. Na3 Rac8 14. a5 cxb3 15. axb6 bxc2 16. Qxc2 axb6 17. Nb5 Qd7 18. Ba3 Bf5 19. Qb3 Bd3 20. Nbd4 Nxd4 21. cxd4 Bc4 22. Qxb6 Rc6 23. Qb4 Rc7 24. Rxe7 Qxe7 25. Qxe7 Rxe7 26. Bxe7 Re8 27. Bc5 Bd5 28. Ne5 f6 29. Nd3 Bh6 30. Nb4 Rd8 31. d3 Bd2 32. Nxd5 Rxd5 33. Ra7 Rd7 34. Kf1 Kf7 35. Ke2 Bf4 36. g3 1-0


[Site "https://www.chess.com"]

[Event "Titled Tuesday Blitz August 09 Early 2022"]
[White "Piesik, Piotr"]
[Black "Kashefi, Amir Hosein"]
[WhiteFideId "1136194"]
[BlackFideId "12557935"]
[WhiteElo "2221"]
[BlackElo "1962"]
[Result "0-1"]
[Round "04"]
[TimeControl "180+1"]
[Date "2022.08.09"]
[WhiteClock "0:02:12"]
[BlackClock "0:01:39"]

1. Nf3 d5 2. g3 c6 3. Bg2 Nf6 4. O-O Bf5 5. d3 e6 6. Nbd2 Be7 7. Qe1 O-O 8. e4 dxe4 9. dxe4 Bg6 10. Ne5 Nbd7 11. Nxg6 hxg6 12. Qe2 Qc7 13. a4 Rad8 14. Nc4 e5 15. Be3 Bc5 16. a5 b5 17. axb6 axb6 18. Ra6 b5 19. Nd2 Bxe3 20. Qxe3 Ra8 21. Rfa1 Rxa6 22. Rxa6 Rd8 23. Bh3 Qd6 24. Kg2 Nc5 25. Ra7 Qxd2 26. Qxc5 Nxe4 27. Qb6 c5 0-1


[Site "https://www.chess.com"]

[Event "Titled Tuesday Blitz August 09 Early 2022"]
[White "Pinheiro, Iung Alicio de O."]
[Black "Azarov, Sergei"]
[WhiteFideId "2104350"]
[BlackFideId "13501470"]
[WhiteElo "2283"]
[BlackElo "2494"]
[Result "1-0"]
[Round "04"]
[TimeControl "180+1"]
[Date "2022.08.09"]
[WhiteClock "0:00:48"]
[BlackClock "0:00:01"]

1. e4 e5 2. Bc4 Nf6 3. d3 Nc6 4. Nc3 Bb4 5. Ne2 d5 6. exd5 Nxd5 7. Bd2 Nb6 8. Bb3 O-O 9. O-O Na5 10. f4 Nxb3 11. axb3 exf4 12. Nxf4 c6 13. Kh1 Bf5 14. Qf3 Bd6 15. h3 Nd7 16. Nh5 Bg6 17. Ng3 Ne5 18. Qf2 Bc7 19. Nf5 Re8 20. Ra4 Qd7 21. Re4 f6 22. Ree1 Rad8 23. Ne4 Bxf5 24. Qxf5 Qxf5 25. Rxf5 Bb6 26. Bc3 Bd4 27. Ra1 a6 28. Raf1 b6 29. g4 h6 30. Kg2 a5 31. Kg3 c5 32. h4 Nf7 33. g5 hxg5 34. hxg5 Nxg5 35. Nxg5 fxg5 36. Rxg5 Re2 37. Bxd4 Rxd4 38. Rf2 Re1 39. Rgf5 a4 40. bxa4 Rxa4 41. Rf8+ Kh7 42. Rb8 Rg1+ 43. Kf3 Rb4 44. b3 Rgg4 45. Ke3 Kg6 46. Rc8 Kh7 47. Rh2+ Kg6 48. Rf2 1-0


[Site "https://www.chess.com"]

[Event "Titled Tuesday Blitz August 09 Early 2022"]
[White "Ponce Cano, Adrian"]
[Black "Zou, Chen"]
[WhiteFideId "22296913"]
[BlackFideId "8610959"]
[WhiteElo "2261"]
[BlackElo "2276"]
[Result "0-1"]
[Round "04"]
[TimeControl "180+1"]
[Date "2022.08.09"]
[WhiteClock "0:00:06"]
[BlackClock "0:00:17"]

1. e4 e5 2. Nf3 Nc6 3. Nc3 Nf6 4. Bb5 Bb4 5. O-O d6 6. d3 O-O 7. Bxc6 bxc6 8. Ne2 Nd7 9. c3 Ba5 10. a4 c5 11. h3 c6 12. c4 Re8 13. Ng3 Nf8 14. Bd2 Bc7 15. Bg5 f6 16. Bd2 Rb8 17. b3 Ne6 18. Rb1 Kh8 19. Nf5 g6 20. Ng3 Rg8 21. Bc3 Qd7 22. Qd2 Qe7 23. Qh6 Qg7 24. Qe3 Bd7 25. Kh1 Qf7 26. b4 cxb4 27. Rxb4 Rxb4 28. Bxb4 Bb6 29. Qd2 c5 30. Ba5 Bxa4 31. Ra1 Bc6 32. Bxb6 axb6 33. Ra6 Rb8 34. Qb2 Qb7 35. Qa3 Ra8 36. Rxa8+ Qxa8 37. Qb2 Qa6 38. Ne2 Kg7 39. Nc3 Nf4 40. Qc2 b5 41. Nd2 b4 42. Nd5 Nxd5 43. exd5 Bd7 44. Kh2 Qa3 45. f4 Bf5 46. fxe5 fxe5 47. Nb3 Bd7 48. Nc1 h6 49. h4 Ba4 50. Qd2 Qc3 51. Qe3 Qd4 52. Qg3 b3 53. Ne2 Qa1 54. h5 Be8 55. hxg6 b2 56. Qh4 Qa7 57. Ng3 Bxg6 58. Qg4 Kh7 59. Qd1 Qb7 60. Qb1 h5 61. Kh3 Qd7+ 62. Kh2 h4 63. Nf1 Qb7 64. Ne3 Kg7 65. Qa1 bxa1=Q 66. Ng4 Qbb1 0-1


[Site "https://www.chess.com"]

[Event "Titled Tuesday Blitz August 09 Early 2022"]
[White "Pranav Anand"]
[Black "Djokic, Mihailo"]
[WhiteFideId "46626786"]
[BlackFideId "976440"]
[WhiteElo "2856"]
[BlackElo "2688"]
[Result "1-0"]
[Round "04"]
[TimeControl "180+1"]
[Date "2022.08.09"]
[WhiteClock "0:02:13"]
[BlackClock "0:00:38"]

1. Nf3 Nf6 2. g3 g6 3. Bg2 Bg7 4. O-O d6 5. c4 O-O 6. d3 e5 7. Nc3 Nc6 8. Bg5 h6 9. Bxf6 Bxf6 10. Rb1 a5 11. a3 Bg7 12. Nd2 Re8 13. b4 axb4 14. axb4 Nd4 15. b5 Ne6 16. e3 Nc5 17. Qc2 Bf5 18. Nde4 Nxe4 19. Nxe4 b6 20. Nc3 Ra5 21. Nd5 Be6 22. Nb4 Qg5 23. Nc6 Ra3 24. Nb4 h5 25. h4 Qf5 26. Ra1 Rxa1 27. Rxa1 e4 28. Bxe4 Qc5 29. Rb1 Bxc4 30. dxc4 Bh6 31. Bc6 Re7 32. Nd5 Re6 33. Nxc7 1-0


[Site "https://www.chess.com"]

[Event "Titled Tuesday Blitz August 09 Early 2022"]
[White "Quirke, Jeffrey"]
[Black "Veiga, Jose Francisco R P Neves"]
[WhiteFideId "2013029"]
[BlackFideId "1930087"]
[WhiteElo "2228"]
[BlackElo "2273"]
[Result "0-1"]
[Round "04"]
[TimeControl "180+1"]
[Date "2022.08.09"]
[WhiteClock "0:00:01"]
[BlackClock "0:01:13"]

1. d4 Nf6 2. c4 g6 3. Nc3 d5 4. cxd5 Nxd5 5. e4 Nxc3 6. bxc3 Bg7 7. Nf3 c5 8. Be3 Qa5 9. Qd2 Nc6 10. Rb1 a6 11. Rc1 f5 12. d5 fxe4 13. Ng5 Ne5 14. Nxe4 c4 15. f4 Bf5 16. fxe5 Bxe4 17. Bxc4 Bxe5 18. O-O Qc7 19. Bf4 Bxf4 20. Qxf4 Qxc4 21. Qf7+ Kd8 22. Rce1 Re8 23. Rf4 Qc5+ 24. Kh1 Bf5 25. d6 e5 26. Rc4 Qb6 27. d7 Bxd7 28. Rd1 Qe6 0-1


[Site "https://www.chess.com"]

[Event "Titled Tuesday Blitz August 09 Early 2022"]
[White "Ramirez Vido, Robert Yorisan"]
[Black "Boyer, Mahel"]
[WhiteFideId "3513823"]
[BlackFideId "45102422"]
[WhiteElo "2413"]
[BlackElo "2454"]
[Result "0-1"]
[Round "04"]
[TimeControl "180+1"]
[Date "2022.08.09"]
[WhiteClock "0:00:07"]
[BlackClock "0:00:11"]

1. f4 Nh6 2. Nf3 d5 3. e3 g6 4. Be2 Bg7 5. O-O O-O 6. d3 c6 7. Nc3 Nf5 8. e4 dxe4 9. dxe4 Qb6+ 10. Kh1 Ne3 11. Bxe3 Qxe3 12. Qd2 Qxd2 13. Nxd2 Rd8 14. Rad1 Na6 15. Bxa6 bxa6 16. Nb3 Be6 17. e5 f6 18. exf6 exf6 19. Nc5 Bf5 20. N3e4 Rd5 21. c3 Rad8 22. Rxd5 Rxd5 23. h3 a5 24. g4 Bxe4+ 25. Nxe4 f5 26. gxf5 gxf5 27. Ng3 Kf7 28. Rf2 a4 29. a3 Kg6 30. Rg2 Bh6 31. Rf2 Rd3 32. Kg2 Bf8 33. Ne2 Bc5 34. Rf3 Rd2 35. Kf1 Rd1+ 36. Kg2 Rd2 37. Kf1 Rxb2 38. Rg3+ Kf6 39. Rg8 Bxa3 40. Rc8 Rb6 41. Nd4 Bc5 42. Nc2 a3 43. Rd8 a2 44. Rd1 Rb1 45. Ke2 Ke6 46. Kd2 Kd5 0-1


[Site "https://www.chess.com"]

[Event "Titled Tuesday Blitz August 09 Early 2022"]
[White "Rangel, Daniel"]
[Black "Smietanska, Wiktoria"]
[WhiteFideId "2124475"]
[BlackFideId "21869359"]
[WhiteElo "2225"]
[BlackElo "1883"]
[Result "1-0"]
[Round "04"]
[TimeControl "180+1"]
[Date "2022.08.09"]
[WhiteClock "0:00:39"]
[BlackClock "0:00:04"]

1. c4 Nf6 2. e3 g6 3. Nc3 Bg7 4. b3 O-O 5. h4 h5 6. Nh3 d5 7. cxd5 Nxd5 8. Bb2 Nxc3 9. Bxc3 Bxc3 10. dxc3 c5 11. Bc4 Nc6 12. Qc2 Bf5 13. e4 Bg4 14. Ng5 Kg7 15. f3 Bd7 16. O-O-O Qc7 17. Qf2 b6 18. Rd2 a6 19. Rhd1 Bc8 20. f4 b5 21. Bd5 Qb6 22. f5 Ne5 23. Qf4 Qc7 24. g3 Rb8 25. Rf1 Bb7 26. f6+ exf6 27. Qxf6+ Kg8 28. Rf5 Bxd5 29. Rxe5 Bb7 30. Re7 Qc6 31. Rd6 Qc8 32. Qxg6+ fxg6 33. Rxg6+ Kh8 34. Rh7# 1-0


[Site "https://www.chess.com"]

[Event "Titled Tuesday Blitz August 09 Early 2022"]
[White "Rios Escobar, Adan"]
[Black "Blanco Ronquillo, Humberto L."]
[WhiteFideId "3403645"]
[BlackFideId "3504239"]
[WhiteElo "2398"]
[BlackElo "2425"]
[Result "0-1"]
[Round "04"]
[TimeControl "180+1"]
[Date "2022.08.09"]
[WhiteClock "0:00:02"]
[BlackClock "0:00:04"]

1. d4 Nf6 2. g3 d5 3. Nf3 c6 4. c4 Bf5 5. Nc3 e6 6. Nh4 Be4 7. f3 Bg6 8. Qb3 Qd7 9. Nxg6 hxg6 10. Be3 Be7 11. Bf2 O-O 12. h4 a5 13. Bh3 a4 14. Nxa4 dxc4 15. Qc2 Qc7 16. O-O Nh5 17. Kg2 b5 18. Nc3 Nd7 19. b3 b4 20. Ne4 c3 21. e3 Ra3 22. Ng5 c5 23. Bxe6 fxe6 24. Qxg6 Bxg5 25. Qxe6+ Rf7 26. hxg5 Qb7 27. e4 Nf8 28. Qc4 cxd4 29. Bxd4 Qb8 30. e5 Qa8 31. Rf2 Qa6 32. Qd5 Ne6 33. g6 Rd7 34. Qe4 Qa8 35. Qxa8+ Rxa8 36. Be3 Nhf4+ 37. gxf4 Rd3 38. Re2 Rad8 39. Kf2 Nf8 40. f5 Nd7 41. f4 Nb8 42. a4 Nc6 43. Raa2 Na5 44. Kf3 Nxb3 45. a5 Nd4+ 46. Kf2 Nxe2 47. Kxe2 b3 48. Ra3 b2 49. Rb3 Rxe3+ 50. Kxe3 c2 51. Rxb2 c1=Q+ 52. Ke4 Qxb2 53. f6 Qb7+ 54. Kf5 Qd7+ 55. Kg5 gxf6+ 56. exf6 Qd5+ 57. f5 Qg2+ 58. Kh6 Qh3+ 59. Kg5 Qg3+ 60. Kh5 Rd5 61. f7+ Kg7 62. f8=Q+ Kxf8 63. Kh6 Qh4# 0-1


[Site "https://www.chess.com"]

[Event "Titled Tuesday Blitz August 09 Early 2022"]
[White "Rosenberg, Evan S"]
[Black "Hartikainen, Jarmo"]
[WhiteFideId "2019299"]
[BlackFideId "503134"]
[WhiteElo "2428"]
[BlackElo "2146"]
[Result "1-0"]
[Round "04"]
[TimeControl "180+1"]
[Date "2022.08.09"]
[WhiteClock "0:00:09"]
[BlackClock "0:00:20"]

1. e4 c5 2. Nc3 Nc6 3. f4 e6 4. Nf3 d5 5. Bb5 Be7 6. Ne5 Bd7 7. Nxd7 Qxd7 8. exd5 exd5 9. O-O Nf6 10. d3 O-O 11. Re1 Rfe8 12. Bd2 a6 13. Bxc6 Qxc6 14. Qf3 b5 15. Re5 Rad8 16. Rae1 Qd7 17. h3 b4 18. Nd1 Bf8 19. Nf2 Bd6 20. Rxe8+ Rxe8 21. Rxe8+ Qxe8 22. g4 Qe6 23. g5 Nd7 24. Ng4 a5 25. c3 g6 26. a3 bxa3 27. bxa3 f5 28. gxf6 Nxf6 29. Nxf6+ Qxf6 30. Qxd5+ Kg7 31. Qb7+ Qf7 32. Qxf7+ Kxf7 33. Kf2 Ke6 34. c4 Kf5 35. Kf3 h6 36. Bxa5 Bxf4 37. Bb6 Bd6 38. a4 Ke5 39. a5 Kd4 40. a6 Bb8 41. Ke2 Bc7 42. Bxc7 1-0


[Site "https://www.chess.com"]

[Event "Titled Tuesday Blitz August 09 Early 2022"]
[White "Rostomyan, Mikayel"]
[Black "Gil Alba, Hector Luis"]
[WhiteFideId "13313754"]
[BlackFideId "3504670"]
[WhiteElo "1426"]
[BlackElo "2331"]
[Result "0-1"]
[Round "04"]
[TimeControl "180+1"]
[Date "2022.08.09"]
[WhiteClock "0:00:21"]
[BlackClock "0:00:19"]

1. d4 Nf6 2. Nf3 e6 3. c4 Bb4+ 4. Bd2 Bxd2+ 5. Qxd2 d5 6. Nc3 O-O 7. e3 Ne4 8. Nxe4 dxe4 9. Ng1 Nd7 10. g3 b6 11. Bg2 Bb7 12. Ne2 e5 13. O-O f5 14. b4 exd4 15. Nxd4 Ne5 16. Qc3 Qf6 17. c5 Bd5 18. a4 c6 19. Rad1 Kh8 20. Kh1 Nf3 21. Ne2 Qxc3 22. Nxc3 Bc4 23. Bxf3 Bxf1 24. Bxe4 fxe4 25. Rxf1 bxc5 26. bxc5 Rae8 27. Kg2 Rf5 28. Rd1 h6 29. Rd4 Rxc5 30. Nxe4 Rc2 31. g4 c5 32. Rd2 Rxd2 33. Nxd2 Rb8 34. e4 Rb4 35. Kf3 c4 36. Ke3 c3 37. Nf3 c2 38. Kd2 Rxe4 39. Kxc2 Rxa4 40. Ne5 Re4 41. f4 g5 42. Kd3 Rxf4 43. Ng6+ Kg7 44. Nxf4 gxf4 45. Ke4 a5 46. Kxf4 a4 47. Ke4 a3 48. Kd3 a2 0-1


[Site "https://www.chess.com"]

[Event "Titled Tuesday Blitz August 09 Early 2022"]
[White "Sadykov, Ramil"]
[Black "Kaufman, Raymond"]
[WhiteFideId "24113590"]
[BlackFideId "2015056"]
[WhiteElo "2243"]
[BlackElo "2321"]
[Result "0-1"]
[Round "04"]
[TimeControl "180+1"]
[Date "2022.08.09"]
[WhiteClock "0:00:02"]
[BlackClock "0:00:06"]

1. e4 e5 2. Nf3 Nc6 3. Bc4 Bc5 4. c3 Nf6 5. d4 exd4 6. cxd4 Bb4+ 7. Nc3 Nxe4 8. O-O Bxc3 9. d5 Bf6 10. Re1 Ne7 11. Rxe4 d6 12. Rf4 Ng6 13. Rxf6 gxf6 14. Qd4 Ne5 15. Qe4 Qe7 16. Bh6 Bd7 17. Rc1 f5 18. Qd4 Rg8 19. Kf1 Qf6 20. Re1 Rg4 21. Nxe5 Rxd4 22. Ng4+ Qe7 23. Rxe7+ Kxe7 24. Bg5+ Kf8 25. Bh6+ Kg8 26. Nf6+ Kh8 27. b3 Rh4 28. Bg5 Rg4 29. Nxg4 fxg4 30. Bf6+ Kg8 31. Ke2 Re8+ 32. Kd2 c6 33. g3 c5 34. a4 a6 35. a5 Bb5 36. Kd3 Re1 37. Kd2 Re8 38. Kd3 h5 39. Kd2 Kh7 40. Bg5 Kg6 41. Bf4 Rd8 42. Kc3 Kf5 43. Bd3+ Bxd3 44. Kxd3 f6 45. Ke3 Kg6 46. Ke4 Re8+ 47. Kd3 Rd8 48. Ke4 Re8+ 49. Kd3 Re5 50. Bxe5 fxe5 51. Ke4 Kf6 52. Ke3 Kf5 53. Kd3 e4+ 54. Kc3 Ke5 55. Kc4 e3 56. fxe3 Ke4 57. b4 cxb4 58. Kxb4 Kxe3 0-1


[Site "https://www.chess.com"]

[Event "Titled Tuesday Blitz August 09 Early 2022"]
[White "Safin, Robert"]
[Black "De Souza, Cristiano Gomes"]
[WhiteFideId "34189120"]
[BlackFideId "2151758"]
[WhiteElo "2241"]
[BlackElo "2068"]
[Result "1-0"]
[Round "04"]
[TimeControl "180+1"]
[Date "2022.08.09"]
[WhiteClock "0:02:43"]
[BlackClock "0:02:07"]

1. d4 Nf6 2. Nf3 g6 3. g3 Bg7 4. Bg2 O-O 5. O-O d6 6. Nc3 Nc6 7. d5 Nb4 8. a3 Na6 9. e4 c5 10. dxc6 bxc6 11. e5 dxe5 12. Nxe5 Qc7 13. Nxc6 Bb7 14. Bf4 Qb6 15. Na4 Qb5 16. c4 Qxc4 17. Nxe7+ Kh8 18. Bxb7 1-0


[Site "https://www.chess.com"]

[Event "Titled Tuesday Blitz August 09 Early 2022"]
[White "Sailer, Mike"]
[Black "Zhigalko, Sergei"]
[WhiteFideId "2012901"]
[BlackFideId "13502956"]
[WhiteElo "2109"]
[BlackElo "2662"]
[Result "0-1"]
[Round "04"]
[TimeControl "180+1"]
[Date "2022.08.09"]
[WhiteClock "0:00:20"]
[BlackClock "0:00:49"]

1. d4 Nf6 2. Nf3 e6 3. Bf4 b6 4. e3 Bb7 5. Be2 Nh5 6. Bg5 Be7 7. Bxe7 Qxe7 8. a3 O-O 9. c4 f5 10. Nc3 d6 11. b4 Nd7 12. Rc1 c5 13. dxc5 dxc5 14. Qb3 f4 15. O-O Rad8 16. Rcd1 fxe3 17. fxe3 Nhf6 18. Nb5 a6 19. Nd6 Ba8 20. Rd2 Bxf3 21. Bxf3 Ne5 22. bxc5 bxc5 23. Rfd1 Nfg4 24. Bxg4 Nxg4 25. h3 Ne5 26. Ne4 Rxd2 27. Rxd2 Qh4 28. Nd6 Qe1+ 29. Kh2 Qxd2 0-1


[Site "https://www.chess.com"]

[Event "Titled Tuesday Blitz August 09 Early 2022"]
[White "Salem, A.R. Saleh"]
[Black "Srihari L R"]
[WhiteFideId "9301348"]
[BlackFideId "46617116"]
[WhiteElo "2898"]
[BlackElo "2741"]
[Result "1-0"]
[Round "04"]
[TimeControl "180+1"]
[Date "2022.08.09"]
[WhiteClock "0:00:19"]
[BlackClock "0:00:01"]

1. d4 Nf6 2. c4 e6 3. Nc3 Bb4 4. a3 Bxc3+ 5. bxc3 c5 6. f3 Nc6 7. e4 d6 8. Be3 b6 9. Bd3 O-O 10. Ne2 Ba6 11. Bg5 h6 12. Bh4 e5 13. O-O cxd4 14. cxd4 Rc8 15. f4 exf4 16. Nxf4 g5 17. Nd5 Nxd5 18. exd5 Ne7 19. Qh5 Bxc4 20. Qxh6 Bxd3 21. Bxg5 f6 22. Bxf6 Rxf6 23. Rxf6 Nf5 24. Qg5+ Ng7 25. h4 Rc2 26. Re1 Re2 27. Rxe2 Bxe2 28. Qh6 Qe7 29. Rxd6 Bh5 30. Rf6 Qe1+ 31. Rf1 Qxh4 32. Qe3 Bg6 33. d6 Nf5 34. Qe6+ Kg7 35. Qe5+ Kg8 36. d7 Qd8 37. Rxf5 Qxd7 38. Rf6 Kh7 39. Qf4 Qa4 40. Qg4 1-0


[Site "https://www.chess.com"]

[Event "Titled Tuesday Blitz August 09 Early 2022"]
[White "Samadov, Read"]
[Black "Mortazavi, Ali"]
[WhiteFideId "13417444"]
[BlackFideId "401323"]
[WhiteElo "2084"]
[BlackElo "2339"]
[Result "1-0"]
[Round "04"]
[TimeControl "180+1"]
[Date "2022.08.09"]
[WhiteClock "0:00:09"]
[BlackClock "0:00:06"]

1. d4 Nf6 2. c4 g6 3. g3 Bg7 4. Bg2 O-O 5. Nc3 d6 6. Nf3 Nbd7 7. O-O e5 8. e4 c6 9. h3 Qa5 10. Be3 Nb6 11. Nd2 Qa6 12. c5 exd4 13. Bxd4 dxc5 14. Bxc5 Rd8 15. Qc2 Be6 16. Rfd1 Qd3 17. Qxd3 Rxd3 18. Bf1 Rd7 19. Nb3 Rad8 20. Rxd7 Rxd7 21. Na5 Rd2 22. Nxb7 Rxb2 23. Rc1 Nbd7 24. Ba6 Bxh3 25. Bxa7 h5 26. Nd6 Ng4 27. Nc4 Rb4 28. a3 Rb3 29. Ne2 Nge5 30. Nxe5 Nxe5 31. Bc5 Nf3+ 32. Kh1 Rb2 33. Ng1 Bg4 34. Nxf3 Bxf3+ 35. Kg1 Bxe4 36. Bc4 g5 37. a4 Rb8 38. a5 h4 39. gxh4 gxh4 40. a6 Be5 41. a7 Ra8 42. Re1 h3 43. Rxe4 h2+ 44. Kh1 Rd8 45. Rxe5 1-0


[Site "https://www.chess.com"]

[Event "Titled Tuesday Blitz August 09 Early 2022"]
[White "Samant Aditya S"]
[Black "Rustemov, Alexander"]
[WhiteFideId "35080580"]
[BlackFideId "4119002"]
[WhiteElo "1968"]
[BlackElo "2788"]
[Result "1-0"]
[Round "04"]
[TimeControl "180+1"]
[Date "2022.08.09"]
[WhiteClock "0:00:09"]
[BlackClock "0:00:06"]

1. Nf3 d5 2. b3 c6 3. Bb2 Bf5 4. e3 e6 5. c4 Nd7 6. Nc3 h6 7. Be2 Ngf6 8. O-O Bd6 9. d3 Bh7 10. cxd5 exd5 11. a3 a5 12. e4 dxe4 13. dxe4 Ne5 14. Nd2 Bc7 15. f4 Nd3 16. Bxd3 Qxd3 17. Nc4 O-O-O 18. Qxd3 Rxd3 19. e5 Ng4 20. h3 Ne3 21. Nxe3 Rxe3 22. Rad1 Bc2 23. Rde1 Rxe1 24. Rxe1 Bxb3 25. Ne4 Rd8 26. Nd6+ Kb8 27. Bd4 a4 28. Bc5 b6 29. Bb4 c5 30. Bc3 g6 31. Kf2 Ka7 32. Nb5+ Kb7 33. Nxc7 Kxc7 34. g4 Kc6 35. f5 gxf5 36. gxf5 b5 37. Ke3 Kd5 38. Kf4 Kc4 39. Ba1 b4 40. e6 fxe6 41. fxe6 Re8 42. e7 Kd5 43. Kf5 bxa3 44. Kf6 Kd6 45. Re2 a2 46. Rd2+ Kc6 47. Re2 Kd7 48. Rd2+ Kc6 49. Re2 Bg8 50. Kg7 Kb5 51. Kf6 a3 52. Rd2 Kb4 53. Rd8 Rxe7 54. Kxe7 Bd5 55. Rxd5 c4 56. Rd1 c3 57. Rc1 Kb3 58. Rxc3+ Kb4 59. Rg3 Ka4 60. Kf6 Kb4 61. h4 Ka4 62. h5 Kb4 63. Kg6 Ka4 64. Kxh6 1-0


[Site "https://www.chess.com"]